 Dungeon Crawl Stone Soup version 0.15.2 (webtiles) character file.

3459 kroki the Cruncher (level 9, -9/68 HPs)
             Began as a Mummy Berserker on Jan 31, 2015.
             Was a Priest of Trog.
             Mangled by a flayed ghost (21 damage)
             ... on Level 8 of the Dungeon.
             The game lasted 00:14:51 (10242 turns).

kroki the Cruncher (Mummy Berserker)               Turns: 10242, Time: 00:14:51

HP  -9/68        AC  9     Str 20      XL: 9   Next: 78%
MP   3/3         EV  9     Int  6      God: Trog [***...]
Gold 446         SH  0     Dex 14      Spells:  0 memorised,  8 levels left

rFire  x . .     SeeInvis .     z - +1 quarterstaff (antimagic) {god gift}
rCold  + . .     Clarity  .     b - +0 scale mail
rNeg   + + +     rCorr    .     (no shield)
rPois  +         rRot     +     (no helmet)
rElec  .         Spirit   .     o - +1 cloak
SustAb .         Warding  .     (no gloves)
rMut   .         Stasis   .     (no boots)
Gourm  .                        (no amulet)
MR     +....                    (no ring)
                                (no ring)

@: somewhat resistant to hostile enchantments, extremely unstealthy
A: no food or potions, fire vulnerability, restore body, cold resistance 1,
negative energy resistance 3, poison resistance, torment resistance, unbreathing
a: Burn Spellbooks, Trog's Hand, Renounce Religion


You were on level 8 of the Dungeon.
You worshipped Trog.
Trog was most pleased with you.
You were not hungry.

You visited 1 branch of the dungeon, and saw 8 of its levels.
You also visited: Sewer and Ossuary.

You collected 626 gold pieces.
You spent 180 gold pieces at shops.

Inventory:

Hand weapons
 a - a cursed +0 falchion
 e - a cursed -1 dagger
   (You took it off an orc on level 3 of the Dungeon)
 h - a +0 blowgun
   (You took it off a kobold on level 3 of the Dungeon)
 l - a cursed +1 dagger of venom
   (You found it on level 4 of the Dungeon)
 t - a cursed +4 great sword
   (You took it off a wight on level 8 of the Dungeon)
 z - a +1 antimagic quarterstaff (weapon) {god gift}
   (Trog gifted it to you on level 7 of the Dungeon)
Missiles
 c - 416 stones
 f - 78 poisoned needles
 n - 5 curare-tipped needles
 p - 60 sling bullets
 s - 3 tomahawks (quivered)
 y - 5 needles of slowing
Armour
 b - a +0 scale mail (worn)
   (You found it on level 3 of the Dungeon)
 o - a +1 cloak (worn)
   (You found it on level 4 of the Dungeon)
Magical devices
 d - a wand of disintegration (0)
   (You found it on level 3 of the Dungeon)
 k - a wand of fireball (2)
   (You found it on level 8 of the Dungeon)
 v - a wand of fireball (0)
   (You found it on level 8 of the Dungeon)
Scrolls
 g - 3 scrolls of teleportation
 i - 4 scrolls of magic mapping
 m - 4 scrolls of identify
 q - 4 scrolls of remove curse
 r - a scroll of summoning
 u - a scroll of fear
Books
 w - a book of the Sky
   (You found it on level 6 of the Dungeon)

   Spells                             Type                      Level
   Flight                             Charms/Air                   3
   Airstrike                          Air                          4
   Silence                            Hexes/Air                    5
   Deflect Missiles                   Charms/Air                   6
   Conjure Ball Lightning             Conjuration/Air              6
   Tornado                            Air                          9
   Trog disapproves of the use of such an item.


   Skills:
 + Level 5.6 Fighting
 - Level 3.3 Long Blades
 + Level 8.1 Staves
 - Level 5.6 Throwing
 + Level 4.2 Armour
 - Level 1.5 Dodging


You had 8 spell levels left.
You didn't know any spells.

Dungeon Overview and Level Annotations

Branches:
Dungeon (8/15)
 Temple: D:4-7         Lair: D:8-11

Altars:
Dithmenos
Elyvilon
Okawaru
Sif Muna
Trog
Xom
Yredelemnul
Zin

Shops:
D:8 (


Innate Abilities, Weirdness & Mutations

You do not eat or drink.
Your flesh is vulnerable to fire.
Your flesh is cold resistant.
You are immune to negative energy.
Your system is resistant to poisons.
You are immune to unholy pain and torment.
You can survive without breathing.


Message History

As you read the scroll of blinking, it crumbles to dust.
You are very lightly contaminated with residual magic.
Use which ability? (? or * to list)
You fail to use your ability.
There is a white marble altar of Elyvilon here.
Use which ability? (? or * to list)
Your ogre goes berserk!
You can no longer call in reinforcements.
The ogre closely misses you.
Your ogre barely misses the ogre.
Your ogre hits the ogre with a giant spiked club!
There is an open door here.
The flayed ghost barely misses your ogre.
Your ogre barely misses the ogre.
The flayed ghost hits your ogre!!
Your ogre hits the flayed ghost with a giant spiked club.
The flayed ghost hits your ogre!
Your ogre dies!
Your ogre's corpse disappears in a puff of smoke!
Use which ability? (? or * to list)
You can't do that.
There is an open door here.
Evoke which item? (* to show all) (? for menu, Esc to quit)
Zapping:
v - a wand of fireball
Press: ? - help, Shift-Dir - straight line, f - ogre
Aim: an ogre, wielding a giant spiked club (heavily wounded)
The fireball explodes!
The fireball engulfs the ogre.
The ogre is severely wounded.
Use which ability? (? or * to list)
Your skin crawls.
You feel resistant to hostile enchantments.
The ogre hits you with a giant spiked club.
There is an open door here.
You hit the ogre.
The ogre is almost dead.
The ogre hits you but does no damage.
You barely miss the ogre.
The ogre is almost dead.
You completely miss the ogre.
The ogre is almost dead.
The ogre hits you but does no damage.
You thump the ogre!
You kill the ogre!
Trog accepts your kill.
You feel the effects of Trog's Hand fading.
Your magical contamination has completely faded away.
A hobgoblin comes into view.
The hobgoblin shouts!
Your skin stops crawling.
You feel less resistant to hostile enchantments.
You hit the hobgoblin but do no damage. The flayed ghost hits you!!
The hobgoblin barely misses you.
You closely miss the hobgoblin. The flayed ghost hits you!
* * * LOW HITPOINT WARNING * * *
The hobgoblin barely misses you.
Read which item? (? for menu, Esc to quit)
As you read the scroll of fear, it crumbles to dust.
You assume a fearsome visage.
The flayed ghost is unaffected.
The hobgoblin looks frightened!
The flayed ghost barely misses you.
You hit the hobgoblin.
You kill the hobgoblin!
Trog accepts your kill. The flayed ghost hits you!!
You die...

####### #.....#
#########.....#
.....#........# #########
.....#........######...(...#
.....).........W@%......>#.#
.....#....##########.#.#.#.#
.....#....####### #.#<..#.#
.....#..........####.#...#.#
######..........##.......#.#
#...............#.###.# #
###.#...........#.....# ##
#.###.........####### .# #.#
#....)....#


You could see a flayed ghost.

Vanquished Creatures
  3 wraiths (D:8)
  A hippogriff (D:8)
  A yellow wasp (D:7)
  2 sky beasts
  The ghost of Alarkh the Grave Robber, an average DDNe (D:3)
  A centaur (D:5)
  3 ogres
  A big kobold (D:5)
  2 giant frogs (D:6)
  5 wights (D:8)
  2 scorpions
  An orc priest (D:3)
  A centaur skeleton (D:6)
  A giant frog zombie (D:8)
  2 hounds (D:8)
  2 jellies
  3 worker ants
  A two-headed ogre skeleton (D:6)
  Natasha (twice) (D:6)
  An elf skeleton (D:8)
  An orc wizard (D:5)
  A big kobold zombie (Ossuary)
  Jessica (D:2)
  2 hound skeletons
  A hound zombie (D:5)
  8 mummies (Ossuary)
  A worker ant zombie (D:5)
  9 gnolls (D:5)
  A scorpion zombie (D:6)
  10 adders
  2 green rats
  A giant mite (D:6)
  A shadow imp (D:3)
  A worm (D:5)
  An adder skeleton (D:5)
  3 oozes (Sewer)
  20 orcs
  4 giant cockroaches
  2 gnoll zombies (Ossuary)
  33 goblins
  39 hobgoblins
  7 ball pythons
  17 bats
  3 giant geckos
  7 giant newts
  A hobgoblin skeleton (D:4)
  2 hobgoblin zombies (Ossuary)
  7 jackals
  20 kobolds
  A kobold zombie (Ossuary)
  3 orc zombies
  7 quokkas
  12 rats
  3 rat skeletons
  A rat zombie (D:3)
  A butterfly (D:8)
270 creatures vanquished.

Vanquished Creatures (collateral kills)
  The ghost of Alarkh the Grappler, an experienced VSTm of Okawaru (D:8)
  A shadow (D:8)
  A wraith (D:8)
  2 fire bats (D:8)
  An ogre (D:8)
  A hound (D:8)
  5 butterflies (D:8)
12 creatures vanquished.

Vanquished Creatures (others)
  2 ogres (D:8)
2 creatures vanquished.

Grand Total: 284 creatures vanquished

Notes
Turn   | Place    | Note
--------------------------------------------------------------
     0 | D:1      | kroki, the Mummy Berserker, began the quest for the Orb.
     0 | D:1      | Reached XP level 1. HP: 18/18 MP: 1/1
   420 | D:1      | Reached XP level 2. HP: 24/24 MP: 2/2
   432 | D:1      | Reached skill level 3 in Long Blades
   450 | D:1      | Acquired Trog's second power
  1208 | D:2      | Reached skill level 1 in Throwing
  1208 | D:2      | Reached XP level 3. HP: 19/29 MP: 3/3
  1547 | D:2      | Noticed Jessica
  1552 | D:2      | Killed Jessica
  1552 | D:2      | Reached skill level 2 in Throwing
  1552 | D:2      | Reached XP level 4. HP: 35/35 MP: 4/4
  2017 | D:3      | Noticed Alarkh's ghost (average DDNe)
  2035 | D:3      | Killed Alarkh's ghost
  2035 | D:3      | Reached skill level 3 in Throwing
  2035 | D:3      | Reached XP level 5. HP: 24/41 MP: 5/5
  2346 | D:3      | Reached skill level 4 in Throwing
  2431 | D:3      | Found a basalt altar of Yredelemnul.
  2639 | D:3      | Found an iron altar of Okawaru.
  2807 | D:4      | Acquired Trog's third power
  3068 | D:4      | Reached XP level 6. HP: 47/47 MP: 6/6
  3653 | D:5      | Entered Level 5 of the Dungeon
  3723 | D:5      | HP: 2/47 [centaur (3)]
  3724 | D:5      | Reached skill level 5 in Throwing
  3948 | D:5      | Found a sand-covered staircase.
  4078 | Ossuary  | Entered an ossuary
  4126 | Ossuary  | Reached XP level 7. HP: 25/52 MP: 7/7
  4223 | Ossuary  | Reached skill level 1 in Staves
  4540 | D:5      | Reached skill level 2 in Staves
  5215 | D:5      | Reached skill level 3 in Staves
  5753 | D:5      | Reached skill level 4 in Staves
  5753 | D:5      | Reached XP level 8. HP: 42/58 MP: 8/8
  6451 | D:6      | Noticed Natasha
  6460 | D:6      | Killed Natasha
  6518 | D:6      | Found a glowing drain.
  6551 | Sewer    | Entered a sewer
  6567 | Sewer    | Reached skill level 5 in Staves
  7132 | D:6      | Noticed Natasha
  7133 | D:6      | Killed Natasha
  7178 | D:6      | Reached skill level 6 in Staves
  7452 | D:6      | Found a shadowy altar of Dithmenos.
  7686 | D:6      | Found a shimmering altar of Xom.
  7786 | D:7      | Reached skill level 7 in Staves
  7936 | D:7      | Received a gift from Trog
  7968 | D:7      | Noticed a cyan ugly thing
  8149 | D:8      | Found Klaabuvo's Antique Weapon Boutique.
  8149 | D:8      | Found a shimmering altar of Xom.
  8171 | D:8      | Reached skill level 2 in Armour
  8187 | D:8      | Noticed Alarkh's ghost (experienced VSTm)
  8199 | D:8      | Killed Alarkh's ghost
  8199 | D:8      | Reached XP level 9. HP: 36/64 MP: 3/9
  8215 | D:8      | Bought a blackened halberd for 180 gold pieces
  8216 | D:8      | Identified the +0 halberd of the Spectre {holy, rC+ rN+} (You bought it in a shop on level 8 of the Dungeon)
  8479 | D:8      | Reached skill level 4 in Fighting
  8948 | D:8      | Found a bloodstained altar of Trog.
  8961 | D:8      | Reached skill level 3 in Armour
  9165 | D:8      | Found a white marble altar of Elyvilon.
  9526 | D:8      | Found a glowing silver altar of Zin.
  9555 | D:8      | Reached skill level 5 in Fighting
  9574 | D:8      | Found a shimmering altar of Xom.
  9602 | D:8      | Reached skill level 8 in Staves
  9921 | D:8      | Found an iron altar of Okawaru.
  9925 | D:8      | Reached skill level 4 in Armour
 10006 | D:8      | Found a deep blue altar of Sif Muna.
 10184 | D:8      | Noticed a flayed ghost
 10242 | D:8      | Mangled by a flayed ghost

Action                   |  1- 3 |  4- 6 |  7- 9 || total
-------------------------+-------+-------+-------++-------
Melee: Falchion          |    84 |       |       ||    84
       Quarterstaff      |     9 |   172 |   556 ||   737
 Fire: Blowgun           |       |     8 |    23 ||    31
Throw: Stone             |    37 |    65 |   105 ||   207
       Tomahawk          |    30 |    49 |   103 ||   182
Invok: Trog's Hand       |     2 |     3 |    10 ||    15
       Brothers in Arms  |       |       |     5 ||     5
Evoke: Wand              |       |     8 |     1 ||     9
  Use: Scroll            |       |     7 |    15 ||    22
